 Dungeon Crawl Stone Soup version 0.31.0-32-g396128a36d (webtiles) character file.

Game seed: 551313188134599513

38 TacoSundae the Ruffian (level 3, 0/17 HPs)
             Began as a Vine Stalker Shapeshifter on Apr 7, 2024.
             Succumbed to Robin's poison
             ... on level 2 of the Dungeon.
             The game lasted 00:02:04 (698 turns).

TacoSundae the Ruffian (Vine Stalker Shapeshifter)   Turns: 698, Time: 00:02:04

Health: 0/17       AC:  2    Str: 18    XL:     3   Next: 43%
Magic:  2/4        EV: 12    Int: 10    God:
Gold:   61         SH:  0    Dex: 13    Spells: 2/2 levels left

rFire   . .          .
                       - Unarmed
rCold   . . .        (no shield)
rNeg    . . .        a - +0 animal skin
rPois   .            (helmet currently unavailable)
rElec   .            (cloak currently unavailable)
rCorr   .            (gloves currently unavailable)
SInv    .            (boots currently unavailable)
Will    .....        (no amulet)
Stlth   +            (no ring)
HPRegen 1.02/turn    (no ring)
MPRegen 0.09/turn

%: guardian spirit
@: lethally poisoned (0 -> -15), beast-form
A: beast (slay +1), fangs 2, regeneration 1, magic shield, antimagic bite, no
potion heal 2
a: Begin Untransformation


You were on level 2 of the Dungeon.
You were a hulking beast.
You visited 1 branch of the dungeon, and saw 2 of its levels.

You collected 73 gold pieces.
You spent 12 gold pieces at shops.

Inventory:

Armour
 a - a +0 animal skin (worn)
 g - a +0 pair of gloves
Talismans
 c - a beast talisman
 d - a flux talisman
Scrolls
 e - a scroll of enchant armour {unknown}
Potions
 b - a potion of lignification
 f - a potion of resistance {unknown}


   Skills:
 - Level 0.8 Fighting
 - Level 1.5 Dodging
 * Level 4.0 Unarmed Combat
 + Level 3.4 Shapeshifting


You had 2 spell levels left.
You didn't know any spells.
Your spell library was empty.

Dungeon Overview and Level Annotations

Branches:
Dungeon (2/15)

Altars:

Shops:
D:1 *

Annotations:
D:2 Robin


Innate Abilities, Weirdness & Mutations

You are a hulking beast.
Your limbs bulge with bestial killing power. (Slay +1)
You have extremely sharp teeth.
Your natural rate of healing is unusually fast.
When hurt, damage is shared between your health and your magic reserves.
Your bite disrupts and absorbs the magic of your enemies.
Potions cannot restore your health.


Message History

There is a stone staircase leading up here.
You punch the goblin!
You kill the goblin!
You barely miss the hobgoblin. The hobgoblin closely misses you.
You hit the hobgoblin.
The hobgoblin is moderately wounded.
You hit the hobgoblin.
You kill the hobgoblin!
Your Unarmed Combat skill increases to level 4!
You miss the goblin.
A hobgoblin comes into view.
The goblin closely misses you.
You closely miss the goblin. You bite the goblin. You drain its power.
The goblin is severely wounded.
Robin roars a battlecry!
The goblins go into a battle-frenzy!
A goblin comes into view. It is wielding a +0 dagger.
The goblin hits you but does no damage.
You hear a shout! x2
You punch the goblin!
You kill the goblin!
You completely miss the goblin. The goblin hits you but does no damage.
You hit the goblin.
You kill the goblin!
A hobgoblin comes into view.
You barely miss the goblin. Your bite misses the goblin.
Robin hits you from afar with a +5 spear of venom.
You are poisoned.
The goblin hits you with a +0 dagger.
You closely miss the goblin. You bite the goblin. You drain its power.
You feel invigorated.
The goblin is moderately wounded.
You feel sick.
Robin hits you from afar with a +5 spear of venom!
* * * LOW HITPOINT WARNING * * *
You are lethally poisoned!
The goblin barely misses you.
You closely miss the goblin. Your bite misses the goblin.
The goblin is moderately wounded.
You die...

########.
##############........
........ggh..††#
.......gg#######
.........#
.........#######
................
.....##..##.....
..##....g.# ##.# .
#....gg# #......#


You could see Robin and 3 goblins.

Vanquished Creatures
  An adder (D:2)
  2 dart slugs (D:1)
  A ribbon worm (D:2)
  An endoplasm (D:1)
  A giant cockroach (D:1)
  4 goblins
  A hobgoblin (D:2)
  A ball python (D:1)
  4 bats (D:1)
  4 frilled lizards
  2 kobolds (D:1)
  4 rats
26 creatures vanquished.

Notes
Turn   | Place    | Note
-------+----------+-------------------------------------------
     0 | D:1      | TacoSundae the Vine Stalker Shapeshifter began the quest
                  | for the Orb.
     0 | D:1      | Reached XP level 1. HP: 9/9 MP: 2/2
    93 | D:1      | Reached XP level 2. HP: 14/14 MP: 3/3
   100 | D:1      | Found Dehicoeg's General Store.
   119 | D:1      | Bought a potion of degeneration for 12 gold pieces
   650 | D:2      | Reached XP level 3. HP: 9/17 MP: 2/4
   678 | D:2      | Noticed Robin
   691 | D:2      | Reached skill level 4 in Unarmed Combat
   698 | D:2      | Succumbed to Robin's poison

Illustrated notes

Levels and vault maps discovered:
D:1:      dpeg_arrival_ternary, layout_loops_ring, serial_shops, shop,
          minmay_tetromino_t2
D:2:      minmay_spotlight, layout_rooms, minmay_cupped, uniq_robin

Skill      XL: |  1  2  3 |
---------------+----------+-----
Unarmed Combat | 4 |  4.0
Fighting       | |  0.8
Dodging        | |  1.5
Shapeshifting  | |  3.4

Action                     || total
---------------------------++-------
  Melee: Unarmed           ||    66
         Bite              ||    12
         Punch             ||     1
   Stab: Sleeping          ||     3
 Armour: Animal skin       ||    34
  Dodge: Dodged            ||    30
